 Dungeon Crawl Stone Soup version 0.32-a0-841-g4648e6c457 (webtiles) character file.

Game seed: 8501800823899307527

5798 mistaj the Cleaver (level 10, -2/55 (56) HPs)
             Began as a Vine Stalker Fighter on Mar 27, 2024.
             Was an Elder of Okawaru.
             Killed from afar by a starcursed mass (6 damage)
             ... with an accursed screaming
             ... on level 2 of the Abyss.
             The game lasted 00:21:41 (6980 turns).

mistaj the Cleaver (Vine Stalker Fighter)           Turns: 6980, Time: 00:21:42

HP:   -2/55 (56)    AC: 17    Str: 20    XL:     10   Next: 79%
MP:   0/20          EV: 19    Int:  8    God:    Okawaru [****..]
Gold: 1193          SH:  5    Dex: 13    Spells: 9/9 levels left

rFire   . . .        x - +12 hand axe "Pic Ceocw" {elec, rN++ Str-4}
rCold   . . .        a - +0 buckler {AC+3}
rNeg    + + .        B - +0 plate armour
rPois   +            m - +0 helmet
rElec   .            g - +0 cloak
rCorr   .            (no gloves)
SInv    .            (no boots)
Will    +....        G - amulet of the acrobat Stlth
                     b - ring of magical power
HPRegen 1.09/turn    F - ring of poison resistance
MPRegen 0.17/turn

%: acrobat, guardian spirit
@: acrobatic, lightly drained
A: fangs 3, regeneration 1, magic shield, antimagic bite, no potion heal 2
a: Renounce Religion, Heroism, Finesse


You were on level 2 of the Abyss.
You worshipped Okawaru.
Okawaru was greatly pleased with you.
You visited 2 branches of the dungeon, and saw 10 of its levels.
You visited the Abyss 1 time.

You collected 1217 gold pieces.
You spent 24 gold pieces at shops.

Inventory:

Hand Weapons
 x - the +12 hand axe "Pic Ceocw" (weapon) {elec, rN++ Str-4}
   (You found it on level 5 of the Dungeon)

   Str-4:     It affects your strength (-4).
   rN++:      It greatly protects you from negative energy.
 C - a +5 short sword of venom
 D - a +0 war axe
Missiles
 s - 8 poisoned darts
 t - 7 throwing nets (quivered)
Armour
 a - a +0 buckler of protection (worn)
 g - a +0 cloak (worn)
 m - a +0 helmet (worn)
 B - a +0 plate armour (worn)
Jewellery
 b - a ring of magical power (left hand)
 F - a ring of poison resistance (right hand)
 G - an amulet of the acrobat (around neck)
Wands
 c - a wand of flame (8)
 e - a wand of acid (6)
 E - a wand of digging (9)
Scrolls
 f - 3 scrolls of identify
 j - a scroll of blinking
 o - a scroll of fear
 v - a scroll of enchant weapon
 y - a scroll of teleportation {unknown}
Potions
 d - 2 potions of might
 h - 2 potions of magic
 l - 3 potions of invisibility
 n - a potion of enlightenment
 p - 2 potions of resistance
 q - a potion of curing
 u - a potion of mutation
 w - a potion of brilliance
 z - a potion of heal wounds {unknown}
 A - a potion of attraction


   Skills:
 + Level 8.3 Fighting
 - Level 4.5 Short Blades
 * Level 8.9 Axes
 - Level 4.6 Armour
 - Level 6.3 Shields


You had 9 spell levels left.
You didn't know any spells.
Your spell library contained the following spells:

 Spells                   Type           Power      Damage    Failure   Level
 Magic Dart               Conj           0%         1d3       100%        1
 Necrotise                Necr           0%         1d4       100%        1
 Blink                    Tloc           0%         N/A       100%        2
 Vampiric Draining        Necr           0%         2d6       100%        3
 Passage of Golubria      Tloc           0%         N/A       100%        4
 Curse of Agony           Necr           0%         N/A       100%        5
 Silence                  Hex/Air        0%         N/A       100%        5
 Lehudib's Crystal Spear  Conj/Erth      0%         10d2      100%        8
 Call Imp                 Summ           Unusable   N/A       N/A         2
 Summon Ice Beast         Ice/Summ       Unusable   N/A       N/A         3
 Martyr's Knell           Necr/Summ      Unusable   N/A       N/A         4
 Summon Mana Viper        Hex/Summ       Unusable   N/A       N/A         5
 Monstrous Menagerie      Summ           Unusable   N/A       N/A         7

Dungeon Overview and Level Annotations

Branches:
Dungeon (9/15)             Temple (1/1) D:7            Lair (0/5) D:8
    Orc: D:9-12

Altars:
Ashenzari
Cheibriados
Elyvilon
Fedhas
Gozag
Hepliaklqana
Kikubaaqudgha
Makhleb
Nemelex Xobeh
Okawaru
Qazlal
Ru
Sif Muna
Trog
Uskayaw
Vehumet
Wu Jian
Xom
Yredelemnul
Zin
The Shining One

Shops:
D:1 ?

Annotations:
D:5 3 runed translucent doors, Spacecowgir2's ghost, novice DsGl; dcgchant's ghost, amateur GnIE; zenocrate's ghost, amateur DsEE; zenocrate's ghost, novice OpEE
D:9 Erolcha


Innate Abilities, Weirdness & Mutations

You have razor-sharp teeth.
Your natural rate of healing is unusually fast.
When hurt, damage is shared between your health and your magic reserves.
Your bite disrupts and absorbs the magic of your enemies.
Potions cannot restore your health.


Message History

A chorus of shrieks assaults your mind. The laughing skull barely misses you.
You slash the laughing skull!
Lightning courses through the laughing skull!!
You destroy the laughing skull!
Okawaru accepts your kill. A chorus of shrieks assaults your mind.
Blink to where?
Press: ? - help, Dir - move target
As you read the scroll labelled GAOSE LUKLET, it crumbles to dust.
It was a scroll of blinking.
As you read the scroll labelled HEIL EKHOILL, it crumbles to dust.
You assume a fearsome visage.
Nothing appears to happen.
It was a scroll of fear.
As you read the scroll labelled YDIROSTR JUAPU, it crumbles to dust.
It is a scroll of enchant weapon.
Your +4 short sword glows red for a moment.
As you read the scroll labelled VOR QIPSAVE, it crumbles to dust.
It is a scroll of brand weapon.
Your +5 short sword drips with poison.
C - a +5 short sword of venom
As you read the scroll labelled LAONUOCKAI, it crumbles to dust.
You feel momentarily disoriented.
It was a scroll of revelation.
Found a corrupted altar of Lugonu.
As you read the scroll labelled UFACOATWI, it crumbles to dust.
Your body is wracked with pain!
The raiju convulses!
It was a scroll of torment.
The raiju bursts into living lightning!
The living lightning hits you.
The raiju blinks!
You block the raiju's attack.
You hit the raiju. Your bite misses the raiju.
The raiju is heavily wounded.
The raiju bursts into living lightning!
The living lightning hits you!
The raiju blinks!
The raiju bursts into living lightning!
The living lightning hits you!
* * * LOW HITPOINT WARNING * * *
The raiju blinks!
The starcursed mass shrieks in your mind.
You die...

#...# #. ## #.##.#.
##..##...#.#.....# . ..
.....##.#..#.....###.#
. #...####..#......
.#..
#....##...###....#...
#.....ยง.#....#......##
###.##@.#. #.XX##.#..#
#.#....#...X###.h. .###
.#...#h.....#.##.#. ..#
.###.###..##.##.XX. ..#
.#.. .#..#.######.#...#
...##. .###.###. .#.# #
#..##...#.##.#.....##.#
.... .##.......#. .. .
...._####.#.....# ..#


You could see a starcursed mass and a raiju.

Vanquished Creatures
  Harold (D:9)
  A manticore (D:9)
  Joseph (D:9)
  A komodo dragon (D:8)
  Prince Ribbit (D:9)
  4 yaks (D:8)
  A wraith (D:9)
  2 wyverns
  A neqoxec (Abyss:2)
  2 steam dragons
  2 water moccasins
  An orc warrior (D:7)
  A laughing skull (Abyss:2)
  An ice beast (D:5)
  2 ogres
  2 phantoms (D:5)
  A kobold brigand (D:8)
  A bullfrog (D:8)
  A gnoll sergeant (D:8)
  2 scorpions
  8 wights
  A killer bee (D:8)
  A howler monkey (D:6)
  5 hounds
  A jelly (D:6)
  2 bombardier beetles
  7 orc priests
  3 iguanas
  9 orc wizards
  9 gnolls
  5 adders
  4 ufetubi
  3 ribbon worms (D:2)
  A dart slug (D:1)
  34 orcs
  5 ball pythons
  5 endoplasms
  4 giant cockroaches
  5 hobgoblins
  4 jackals (D:1)
  3 quokkas
  3 bats
  3 frilled lizards
  6 goblins
  9 kobolds
  4 rats
173 creatures vanquished.

Vanquished Creatures (others)
  A kobold (D:8)
1 creature vanquished.

Grand Total: 174 creatures vanquished

Notes
Turn   | Place    | Note
-------+----------+-------------------------------------------
     0 | D:1      | mistaj the Vine Stalker Fighter began the quest for the
                  | Orb.
     0 | D:1      | Reached XP level 1. HP: 11/11 MP: 2/2
   167 | D:1      | Reached XP level 2. HP: 16/16 MP: 3/3
   413 | D:1      | Found Niruel's Magic Scroll Boutique.
   416 | D:1      | Bought a scroll of identify for 24 gold pieces
   488 | D:2      | Reached XP level 3. HP: 20/20 MP: 4/4
  1346 | D:2      | Reached XP level 4. HP: 21/24 MP: 3/5
  1814 | D:3      | Reached XP level 5. HP: 28/29 MP: 4/6
  2692 | D:4      | Reached XP level 6. HP: 33/33 MP: 7/7
  3055 | D:5      | Entered Level 5 of the Dungeon
  3078 | D:5      | Reached XP level 7. HP: 37/38 MP: 8/8
  3239 | D:5      | Reached skill level 5 in Fighting
  3509 | D:5      | Found a runed translucent gate.
  3509 | D:5      | Found a runed translucent gate.
  3509 | D:5      | Found a runed translucent gate.
  3509 | D:5      | Noticed Spacecowgir2's ghost (novice DsGl)
  3509 | D:5      | Noticed zenocrate's ghost (amateur DsEE)
  3510 | D:5      | Noticed zenocrate's ghost (novice OpEE)
  3510 | D:5      | Noticed dcgchant's ghost (amateur GnIE)
  3512 | D:5      | Identified the +12 hand axe "Pic Ceocw" {elec, rN++ Str-4}
  3527 | D:5      | Reached skill level 1 in Axes
  3646 | D:5      | Gained mutation: You have razor-sharp teeth. [Vine Stalker
                  | growth]
  3646 | D:5      | Reached XP level 8. HP: 43/43 MP: 7/9
  4143 | D:6      | Found a basalt altar of Yredelemnul.
  4157 | D:6      | Found an iron altar of Okawaru.
  4165 | D:6      | Became a worshipper of Warmaster Okawaru
  4536 | D:7      | Reached XP level 9. HP: 25/48 MP: 10/10
  4909 | D:7      | Found a staircase to the Ecumenical Temple.
  4914 | Temple   | Entered the Ecumenical Temple
  4965 | D:7      | Reached skill level 5 in Axes
  5108 | D:7      | Reached * piety under Okawaru
  5540 | D:8      | Reached skill level 5 in Shields
  5723 | D:8      | Found a staircase to the Lair.
  5724 | D:8      | Noticed a komodo dragon
  5745 | D:8      | Killed a komodo dragon
  5745 | D:8      | Reached ** piety under Okawaru
  6288 | D:8      | Reached XP level 10. HP: 46/55 MP: 11/11
  6302 | D:9      | Noticed Prince Ribbit
  6354 | D:9      | Killed Prince Ribbit
  6417 | D:9      | Noticed a manticore
  6434 | D:9      | Killed a manticore
  6434 | D:9      | Reached *** piety under Okawaru
  6576 | D:9      | Noticed Joseph
  6589 | D:9      | Killed Joseph
  6596 | D:9      | Identified 2 scrolls of acquirement
  6596 | D:9      | Acquired 790 gold pieces
  6598 | D:9      | Acquired a +0 buckler of protection
  6619 | D:9      | Noticed Harold
  6767 | D:9      | Killed Harold
  6860 | D:9      | Noticed Erolcha
  6866 | Abyss:2  | Cast into level 2 of the Abyss (Erolcha)
  6905 | Abyss:2  | Noticed a wretched star
  6909 | Abyss:2  | Noticed a starcursed mass
  6923 | Abyss:2  | Reached **** piety under Okawaru
  6952 | Abyss:2  | Noticed a deep elf elementalist
  6958 | Abyss:2  | Noticed a sixfirhy
  6976 | Abyss:2  | Found a corrupted altar of Lugonu.
  6980 | Abyss:2  | Killed from afar by a starcursed mass

Illustrated notes

Levels and vault maps discovered:
D:1:      minmay_arrival_arboretum_small, layout_rooms, serial_shops,
          nicolae_shop_rolled_up
D:2:      layout_basic
D:3:      layout_loops_ring, serial_co_window_serial, co_window_paths_b,
          co_window_paths_b, co_window_paths_a, co_window_paths_a,
          co_window_cross_1, co_window_of_opportunity_a, co_window_paths_b,
          co_window_corner_a, co_window_paths_a, co_window_corner_b,
          co_window_unsneaky_path_d, co_window_broadway_b, glass_columns_b,
          glass_columns_a
D:4:      layout_rooms
D:5:      layout_loops_cross, gammafunk_ghost_cemetery
D:6:      layout_cave_pools, grunt_temple_overflow_open
D:7:      layout_loops_cross, minmay_temple_entry_nine_rooms
D:8:      layout_gridville, david_lair_shrubbed
D:9:      layout_basic, nicolae_dithmenos_the_darkroom, grunt_ministairs_12,
          uniq_erolcha, uniq_pikel, uniq_joseph, uniq_prince_ribbit1,
          uniq_harold
Temple:   hellmonk_temple_of_storms
Abyss:2:  base:
D:1

Skill      XL: |  1  2  3  4  5  6  7  8  9 10 |
---------------+-------------------------------+-----
Short Blades   | 2 3 4 |  4.5
Fighting       | 3 4 5 6 7 8 |  8.3
Armour         | 3 4 |  4.6
Axes           | 1 4 7 8 |  8.9
Shields        | 3 4 5 6 |  6.3

Action                     |  1- 3 |  4- 6 |  7- 9 | 10-12 || total
---------------------------+-------+-------+-------+-------++-------
  Melee: Rapier            |   128 |   148 |       |       ||   276
         Bite              |    27 |    40 |    56 |    22 ||   145
         Dagger            |       |    14 |    41 |       ||    55
         Hand axe          |       |       |   133 |    82 ||   215
    Use: Scroll            |     1 |     4 |     3 |     9 ||    17
 Armour: Scale mail        |    72 |   101 |    31 |       ||   204
         Chain mail        |       |       |    28 |       ||    28
         Plate armour      |       |       |    82 |    83 ||   165
  Dodge: Dodged            |    59 |    45 |    28 |    34 ||   166
  Block: Buckler           |    24 |    25 |    36 |     8 ||    93
         Kite shield       |       |       |       |    18 ||    18

Table legend: (Time is in decaauts)
 A = Elapsed time spent in this place.
 B = Non-inter-level travel time spent in this place.
 C = Inter-level travel time spent in this place.
 D = Time resting spent in this place.
 E = Time spent auto-exploring this place.
 F = Levels seen in this place.
 G = Mean time per level.
                   A        B        C        D        E       F      G
               +--------+--------+--------+--------+--------+-----+--------+
         Total |   7019 |   6813 |    206 |    750 |   4188 |  11 |  638.1 |
       Dungeon |   6904 |   6698 |    206 |    750 |   4188 |   9 |  767.1 |
        Temple |      1 |      1 |      0 |      0 |      0 |   1 |    1.0 |
         Abyss |    112 |    112 |      0 |      0 |      0 |   1 |  112.0 |
               +--------+--------+--------+--------+--------+-----+--------+

Top non-repeatable levels by time:
     D:8: 1161 daAuts
     D:3: 1071 daAuts
     D:2: 1017 daAuts
     D:7: 927 daAuts
     D:5: 775 daAuts
     D:4: 521 daAuts
     D:6: 521 daAuts
     D:1: 470 daAuts
     D:9: 439 daAuts
 Abyss:2: 112 daAuts
  Temple: 1 daAuts
